TOP OF THE 1ST |
Clinton LumberKings batting - Pitching for Lansing Lugnuts : RHP Omar Torres
|
Pitching: RHP Omar Torres
|
|
Batting: RHB Rick Ellis
|
0-0: Swinging Strike 0-1: Foul Ball, location: 2F 0-2: Strikes out looking
|
Batting: LHB William Warren
|
0-0: Called Strike 0-1: SOLO HOME RUN (Flyball, 89XD, EV 102.5 MPH), Distance : 404 ft
|
Batting: LHB Jason Hopkins
|
0-0: Ball 1-0: Swinging Strike 1-1: Foul Ball, location: 2F 1-2: Ball 2-2: Ground out U3 (Groundball, 34, EV 107.5 MPH)
|
Batting: LHB Justin Long
|
0-0: Called Strike 0-1: Swinging Strike 0-2: Ball 1-2: Strikes out swinging
|
Top of the 1st over - 1 run, 1 hit, 0 errors, 0 left on base; Clinton 1 - Lansing 0 |
BOTTOM OF THE 1ST |
Lansing Lugnuts batting - Pitching for Clinton LumberKings : RHP Kevon Jamison
|
Pitching: RHP Kevon Jamison
|
|
Batting: RHB Elliot Manfredini
|
0-0: Ball 1-0: Ball 2-0: Foul Ball, location: 2F 2-1: Ball 3-1: Called Strike 3-2: SINGLE (Line Drive, 34D, EV 97.5 MPH)
|
Batting: RHB Finn Ross
|
0-0: Grounds into double play, 6-4-3 (Groundball, 6, EV 83.1 MPH)
|
Batting: LHB Cedric Saunders
|
0-0: Called Strike 0-1: Ball 1-1: Foul Ball, location: 2F 1-2: Ball 2-2: Ball 3-2: Foul Ball, location: 2F 3-2: Strikes out swinging
|
Bottom of the 1st over - 0 runs, 1 hit, 0 errors, 0 left on base; Clinton 1 - Lansing 0 |
TOP OF THE 2ND |
Clinton LumberKings batting - Pitching for Lansing Lugnuts : RHP Omar Torres
|
Batting: LHB Ryan Rothenbach
|
0-0: Ball 1-0: Foul Ball, location: 2F 1-1: Called Strike 1-2: Strikes out swinging
|
Batting: LHB Brian Butler
|
0-0: Ball 1-0: Ball 2-0: Called Strike 2-1: Foul Ball, location: 2F 2-2: Ball 3-2: Ground out 4-3 (Groundball, 4, EV 89.4 MPH)
|
Batting: SHB Detlef Oursler
|
0-0: Ball 1-0: Called Strike 1-1: Swinging Strike 1-2: Strikes out swinging
|
Top of the 2nd over - 0 runs, 0 hits, 0 errors, 0 left on base; Clinton 1 - Lansing 0 |
BOTTOM OF THE 2ND |
Lansing Lugnuts batting - Pitching for Clinton LumberKings : RHP Kevon Jamison
|
Batting: SHB Jose Garcia
|
0-0: Fly out, F7 (Flyball, 7LD, EV 84.4 MPH)
|
Batting: LHB David Ramirez
|
0-0: Ball 1-0: SOLO HOME RUN (Flyball, 9D, EV 93.1 MPH), Distance : 354 ft
|
Batting: RHB Takanibu Kaneshiro
|
0-0: Ball 1-0: Ball 2-0: Called Strike 2-1: Ball 3-1: Foul Ball, location: 2F 3-2: Strikes out swinging
|
Batting: LHB Dan Martinez
|
0-0: TRIPLE (Flyball, 89XD, EV 109.4 MPH)
|
Batting: RHB Luis Reyes
|
0-0: Ball 1-0: SINGLE (Groundball, 4MD, EV 95.6 MPH) Dan Martinez scores
|
Batting: RHB Darren McCarty Jr.
|
0-0: Ball Luis Reyes steals 2nd base (no throw) 1-0: Fly out, F8 (Flyball, 8LD, EV 78.1 MPH)
|
Bottom of the 2nd over - 2 runs, 3 hits, 0 errors, 1 left on base; Clinton 1 - Lansing 2 |
TOP OF THE 3RD |
Clinton LumberKings batting - Pitching for Lansing Lugnuts : RHP Omar Torres
|
Batting: RHB Emmanuel Thomas
|
0-0: Ball 1-0: Ball 2-0: Called Strike 2-1: Ball 3-1: Base on Balls
|
Batting: SHB Victor Rijos
|
0-0: Ball 1-0: Ball 2-0: Called Strike 2-1: Foul Ball, location: 2F 2-2: Foul Ball, location: 2F 2-2: Ball 3-2: Ground out 6-3 (Groundball, 6, EV 85.0 MPH) Emmanuel Thomas to second
|
Batting: RHB Rick Ellis
|
0-0: Ball 1-0: Fly out, F8 (Flyball, 8LM, EV 90.0 MPH)
|
Batting: LHB William Warren
|
0-0: Called Strike 0-1: Ball 1-1: Ground out 5-3 (Groundball, 56, EV 80.6 MPH)
|
Top of the 3rd over - 0 runs, 0 hits, 0 errors, 1 left on base; Clinton 1 - Lansing 2 |
BOTTOM OF THE 3RD |
Lansing Lugnuts batting - Pitching for Clinton LumberKings : RHP Kevon Jamison
|
Batting: RHB Elliot Manfredini
|
0-0: Ball 1-0: Called Strike 1-1: Hit by Pitch
|
Batting: RHB Finn Ross
|
0-0: Called Strike 0-1: Ball 1-1: Ball 2-1: Ball 3-1: Grounds into double play, 4-6-3 (Groundball, 34, EV 85.0 MPH)
|
Batting: LHB Cedric Saunders
|
0-0: Ball 1-0: Called Strike 1-1: Ball 2-1: Foul Ball, location: 2F 2-2: Foul Ball, location: 2F 2-2: Fly out, F8 (Flyball, 78D, EV 78.8 MPH)
|
Bottom of the 3rd over - 0 runs, 0 hits, 0 errors, 0 left on base; Clinton 1 - Lansing 2 |
TOP OF THE 4TH |
Clinton LumberKings batting - Pitching for Lansing Lugnuts : RHP Omar Torres
|
Batting: LHB Jason Hopkins
|
0-0: Ball 1-0: Foul Ball, location: 2F 1-1: Ball 2-1: Foul Ball, location: 2F 2-2: Fly out, F9 (Flyball, 9LD, EV 98.8 MPH)
|
Batting: LHB Justin Long
|
0-0: Foul Ball, location: 2F 0-1: Ball 1-1: Ball 2-1: Swinging Strike 2-2: Foul Ball, location: 2F 2-2: Ground out 3-1 (Groundball, 34, EV 93.1 MPH)
|
Batting: LHB Ryan Rothenbach
|
0-0: Called Strike 0-1: Foul Ball, location: 2F 0-2: Foul Ball, location: 2F 0-2: Fly out, F5 (Popup, 25F, EV 92.5 MPH)
|
Top of the 4th over - 0 runs, 0 hits, 0 errors, 0 left on base; Clinton 1 - Lansing 2 |
BOTTOM OF THE 4TH |
Lansing Lugnuts batting - Pitching for Clinton LumberKings : RHP Kevon Jamison
|
Batting: SHB Jose Garcia
|
0-0: Called Strike 0-1: Ground out 4-3 (Groundball, 4S, EV 86.9 MPH)
|
Batting: LHB David Ramirez
|
0-0: Called Strike 0-1: Ball 1-1: Foul Ball, location: 2F 1-2: SINGLE (Line Drive, 9LM, EV 106.2 MPH)
|
Batting: RHB Takanibu Kaneshiro
|
0-0: Called Strike 0-1: Ball David Ramirez steals 2nd base 1-1: Foul Ball, location: 2F 1-2: Fly out, F7 (Flyball, 7S, EV 97.5 MPH)
|
Batting: LHB Dan Martinez
|
0-0: Called Strike 0-1: Ground out 1-3 (Groundball, 23, EV 61.9 MPH)
|
Bottom of the 4th over - 0 runs, 1 hit, 0 errors, 1 left on base; Clinton 1 - Lansing 2 |
TOP OF THE 5TH |
Clinton LumberKings batting - Pitching for Lansing Lugnuts : RHP Omar Torres
|
Batting: LHB Brian Butler
|
0-0: Ball 1-0: Ground out 4-3 (Groundball, 4, EV 103.8 MPH)
|
Batting: SHB Detlef Oursler
|
0-0: Ball 1-0: Foul Ball, location: 2F 1-1: Foul Ball, location: 2F 1-2: Strikes out swinging
|
Batting: RHB Emmanuel Thomas
|
0-0: Called Strike 0-1: Ball 1-1: Swinging Strike 1-2: Strikes out swinging
|
Top of the 5th over - 0 runs, 0 hits, 0 errors, 0 left on base; Clinton 1 - Lansing 2 |
BOTTOM OF THE 5TH |
Lansing Lugnuts batting - Pitching for Clinton LumberKings : RHP Kevon Jamison
|
Batting: RHB Luis Reyes
|
0-0: Foul Ball, location: 2F 0-1: Fly out, F6 (Line Drive, 6, EV 68.1 MPH)
|
Batting: RHB Darren McCarty Jr.
|
0-0: Called Strike 0-1: Ball 1-1: Swinging Strike 1-2: Foul Ball, location: 2F 1-2: Ball 2-2: Ball 3-2: Foul Ball, location: 2F 3-2: Base on Balls
|
Batting: RHB Elliot Manfredini
|
0-0: Ball 1-0: Foul Ball, location: 2F 1-1: Ball 2-1: Called Strike 2-2: Ground out 5-3 (Groundball, 56S, EV 70.6 MPH) Darren McCarty Jr. to second
|
Batting: RHB Finn Ross
|
0-0: Ground out 4-3 (Groundball, 34, EV 87.5 MPH)
|
Bottom of the 5th over - 0 runs, 0 hits, 0 errors, 1 left on base; Clinton 1 - Lansing 2 |
TOP OF THE 6TH |
Clinton LumberKings batting - Pitching for Lansing Lugnuts : RHP Omar Torres
|
Batting: SHB Victor Rijos
|
0-0: Ball 1-0: Foul Ball, location: 2F 1-1: Ball 2-1: Foul Ball, location: 2F 2-2: Ball 3-2: Base on Balls
|
Batting: RHB Rick Ellis
|
0-0: Ball 1-0: Foul Ball, location: 2F 1-1: Ball 2-1: Fly out, F9 (Flyball, 9LD, EV 96.2 MPH)
|
Batting: LHB William Warren
|
0-0: Called Strike 0-1: Ball 1-1: Foul Ball, location: 2F 1-2: Fielders Choice at 2nd, 4-6 (Groundball, 34D, EV 110.6 MPH)
|
Batting: LHB Jason Hopkins
|
0-0: Swinging Strike 0-1: Ball 1-1: Ball 2-1: Swinging Strike 2-2: Strikes out swinging
|
Top of the 6th over - 0 runs, 0 hits, 0 errors, 1 left on base; Clinton 1 - Lansing 2 |
BOTTOM OF THE 6TH |
Lansing Lugnuts batting - Pitching for Clinton LumberKings : RHP Kevon Jamison
|
Batting: LHB Cedric Saunders
|
0-0: Called Strike 0-1: Called Strike 0-2: Strikes out swinging
|
Batting: SHB Jose Garcia
|
0-0: Ball 1-0: Fly out, F8 (Flyball, 8RM, EV 78.1 MPH)
|
Batting: LHB David Ramirez
|
0-0: Ball 1-0: Foul Ball, location: 2F 1-1: Foul Ball, location: 2F 1-2: Foul Ball, location: 2F 1-2: Foul Ball, location: 2F 1-2: SINGLE (Groundball, 4D, EV 98.1 MPH)
|
Pitching: RHP Pat Warne
|
|
Batting: RHB Takanibu Kaneshiro
|
0-0: Called Strike 0-1: Ball David Ramirez steals 2nd base 1-1: SINGLE (Groundball, 4M, EV 108.1 MPH) David Ramirez to third Runner from 3rd tries for Home, SAFE, throw by CF to home Takanibu Kaneshiro to second
|
Batting: LHB Dan Martinez
|
0-0: Ball 1-0: Ball 2-0: Ground out 4-3 (Groundball, 4, EV 98.8 MPH)
|
Bottom of the 6th over - 1 run, 2 hits, 0 errors, 1 left on base; Clinton 1 - Lansing 3 |
TOP OF THE 7TH |
Clinton LumberKings batting - Pitching for Lansing Lugnuts : RHP Omar Torres
|
Batting: LHB Justin Long
|
0-0: Ball 1-0: Ball 2-0: Ball 3-0: Base on Balls
|
Batting: LHB Ryan Rothenbach
|
0-0: Ball 1-0: Swinging Strike 1-1: Ball 2-1: Foul Ball, location: 2F 2-2: Ball 3-2: Foul Ball, location: 2F 3-2: Strikes out swinging
|
Pitching: RHP Andres Lozano
|
|
Batting: LHB Brian Butler
|
0-0: Called Strike 0-1: Ball 1-1: Ball 2-1: Swinging Strike 2-2: Ball 3-2: Foul Ball, location: 2F 3-2: Base on Balls Justin Long to second
|
Batting: SHB Detlef Oursler
|
0-0: Ball 1-0: 3-RUN HOME RUN (Flyball, 9D, EV 96.2 MPH), Distance : 353 ft
|
Batting: RHB Emmanuel Thomas
|
0-0: Called Strike 0-1: Called Strike 0-2: Ball 1-2: Strikes out swinging
|
Batting: SHB Victor Rijos
|
0-0: Ball 1-0: Ball 2-0: Ball 3-0: Base on Balls
|
Batting: RHB Rick Ellis
|
0-0: Called Strike 0-1: Swinging Strike 0-2: Ball 1-2: Strikes out swinging
|
Top of the 7th over - 3 runs, 1 hit, 0 errors, 1 left on base; Clinton 4 - Lansing 3 |
BOTTOM OF THE 7TH |
Lansing Lugnuts batting - Pitching for Clinton LumberKings : RHP Pat Warne
|
Batting: RHB Luis Reyes
|
0-0: Foul Ball, location: 2F 0-1: Ball 1-1: Ball 2-1: Swinging Strike 2-2: Ground out 6-3 (Groundball, 6, EV 98.8 MPH)
|
Batting: RHB Darren McCarty Jr.
|
0-0: Called Strike 0-1: Fly out, F9 (Flyball, 9D, EV 88.1 MPH)
|
Batting: RHB Elliot Manfredini
|
0-0: Ball 1-0: Ball 2-0: SINGLE (Groundball, 6D, EV 109.4 MPH)
|
Batting: RHB Finn Ross
|
0-0: Ball Elliot Manfredini steals 2nd base 1-0: Ball 2-0: Called Strike 2-1: Foul Ball, location: 2F 2-2: Hit by Pitch
|
Batting: LHB Cedric Saunders
|
0-0: Foul Ball, location: 2F 0-1: Ground out 1-3 (Groundball, P, EV 68.8 MPH)
|
Bottom of the 7th over - 0 runs, 1 hit, 0 errors, 2 left on base; Clinton 4 - Lansing 3 |
TOP OF THE 8TH |
Clinton LumberKings batting - Pitching for Lansing Lugnuts : RHP Andres Lozano
|
Pitching: RHP Germano Nunes
|
|
Batting: LHB William Warren
|
0-0: SINGLE (Groundball, 3S, EV 65.6 MPH) (infield hit)
|
Batting: LHB Jason Hopkins
|
0-0: Called Strike 0-1: Grounds into double play, 4-6-3 (Groundball, 4, EV 77.5 MPH)
|
Batting: LHB Justin Long
|
0-0: Ball 1-0: Foul Ball, location: 2F 1-1: Called Strike 1-2: Foul Ball, location: 2F 1-2: Ball 2-2: Ball 3-2: Fly out, F7 (Flyball, 7D, EV 99.4 MPH)
|
Top of the 8th over - 0 runs, 1 hit, 0 errors, 0 left on base; Clinton 4 - Lansing 3 |
BOTTOM OF THE 8TH |
Lansing Lugnuts batting - Pitching for Clinton LumberKings : RHP Pat Warne
|
Pitching: LHP Rentaro Minami
|
|
Batting: SHB Jose Garcia
|
0-0: Ball 1-0: Foul Ball, location: 2F 1-1: Ball 2-1: Fly out, F4 (Flyball, 34D, EV 82.5 MPH)
|
Pinch Hitting: RHB Ivan Ramirez
|
0-0: Ball 1-0: Ball 2-0: Ground out 6-3 (Groundball, 6, EV 106.9 MPH)
|
Batting: RHB Takanibu Kaneshiro
|
0-0: Ball 1-0: Ball 2-0: Ball 3-0: Base on Balls
|
Batting: LHB Dan Martinez
|
0-0: Ball Wild Pitch! Takanibu Kaneshiro to second 1-0: Foul Ball, location: 2F 1-1: Ball 2-1: Called Strike 2-2: Strikes out swinging
|
Bottom of the 8th over - 0 runs, 0 hits, 0 errors, 1 left on base; Clinton 4 - Lansing 3 |
TOP OF THE 9TH |
Clinton LumberKings batting - Pitching for Lansing Lugnuts : RHP Germano Nunes
|
Now in RF: Ivan Ramirez
|
|
Batting: LHB Ryan Rothenbach
|
0-0: Called Strike 0-1: Ball 1-1: Ball 2-1: Swinging Strike 2-2: Strikes out swinging
|
Batting: LHB Brian Butler
|
0-0: Ball 1-0: Ball 2-0: Called Strike 2-1: Foul Ball, location: 2F 2-2: Fly out, F7 (Flyball, 78D, EV 100.0 MPH)
|
Batting: SHB Detlef Oursler
|
0-0: Ball 1-0: Swinging Strike 1-1: Foul Ball, location: 2F 1-2: Strikes out swinging
|
Top of the 9th over - 0 runs, 0 hits, 0 errors, 0 left on base; Clinton 4 - Lansing 3 |
BOTTOM OF THE 9TH |
Lansing Lugnuts batting - Pitching for Clinton LumberKings : LHP Rentaro Minami
|
Pitching: RHP David Lane
|
|
Batting: RHB Luis Reyes
|
0-0: DOUBLE (Flyball, 8RXD, EV 100.6 MPH)
|
Batting: RHB Darren McCarty Jr.
|
0-0: Ball 1-0: Foul Ball, location: 2F 1-1: Swinging Strike 1-2: Ball 2-2: Ball 3-2: Strikes out looking
|
Pinch Hitting: LHB Roger Escareno
|
0-0: Foul Ball, location: 2F 0-1: Swinging Strike 0-2: Foul Ball, location: 2F 0-2: Ball 1-2: Ground out 4-3 (Groundball, 4, EV 76.9 MPH) Luis Reyes to third
|
Batting: RHB Finn Ross
|
0-0: Called Strike 0-1: SINGLE (Groundball, 34D, EV 100.6 MPH) Luis Reyes scores
|
Batting: LHB Cedric Saunders
|
0-0: Ball 1-0: Called Strike Finn Ross is caught stealing 2nd base 2-6
|
Bottom of the 9th over - 1 run, 2 hits, 0 errors, 0 left on base; Clinton 4 - Lansing 4 |
TOP OF THE 10TH |
Clinton LumberKings batting - Pitching for Lansing Lugnuts : RHP Germano Nunes
|
Pitching: RHP Mel Schultz
|
|
Now at 3B: Roger Escareno
|
|
Batting: RHB Emmanuel Thomas
|
0-0: Ball 1-0: Swinging Strike 1-1: Foul Ball, location: 2F 1-2: Foul Ball, location: 2F 1-2: Ball 2-2: Strikes out swinging
|
Batting: SHB Victor Rijos
|
0-0: Ball 1-0: Foul Ball, location: 2F 1-1: Foul Ball, location: 2F 1-2: Foul Ball, location: 2F 1-2: Ball 2-2: Foul Ball, location: 2F 2-2: Strikes out swinging
|
Batting: RHB Rick Ellis
|
0-0: Called Strike 0-1: Ball 1-1: Called Strike 1-2: Strikes out looking
|
Top of the 10th over - 0 runs, 0 hits, 0 errors, 0 left on base; Clinton 4 - Lansing 4 |
BOTTOM OF THE 10TH |
Lansing Lugnuts batting - Pitching for Clinton LumberKings : RHP David Lane
|
Batting: LHB Cedric Saunders
|
0-0: Ball 1-0: Foul Ball, location: 2F 1-1: Ball 2-1: Called Strike 2-2: Fly out, F9 (Flyball, 9, EV 73.8 MPH)
|
Batting: SHB Jose Garcia
|
0-0: Foul Ball, location: 2F 0-1: Foul Ball, location: 2F 0-2: Ball 1-2: Ball 2-2: Ground out 4-3 (Groundball, 34D, EV 81.9 MPH)
|
Batting: RHB Ivan Ramirez
|
0-0: Swinging Strike 0-1: Ground out 5-3 (Groundball, 56, EV 85.0 MPH)
|
Bottom of the 10th over - 0 runs, 0 hits, 0 errors, 0 left on base; Clinton 4 - Lansing 4 |
TOP OF THE 11TH |
Clinton LumberKings batting - Pitching for Lansing Lugnuts : RHP Mel Schultz
|
Batting: LHB William Warren
|
0-0: Called Strike 0-1: SOLO HOME RUN (Flyball, 9D, EV 99.4 MPH), Distance : 371 ft
|
Batting: LHB Jason Hopkins
|
0-0: Called Strike 0-1: Called Strike 0-2: Foul Ball, location: 2F 0-2: SINGLE (Line Drive, 4MD, EV 93.8 MPH)
|
Batting: LHB Justin Long
|
0-0: Ball 1-0: Foul Ball, location: 2F 1-1: Fly out, F7 (Flyball, 78S, EV 78.8 MPH)
|
Batting: LHB Ryan Rothenbach
|
0-0: Fly out, F5 (Line Drive, 5, EV 61.2 MPH)
|
Batting: LHB Brian Butler
|
0-0: Ball 1-0: Ground out 4-3 (Groundball, 4MS, EV 65.0 MPH)
|
Top of the 11th over - 1 run, 2 hits, 0 errors, 1 left on base; Clinton 5 - Lansing 4 |
BOTTOM OF THE 11TH |
Lansing Lugnuts batting - Pitching for Clinton LumberKings : RHP David Lane
|
Pitching: RHP Mark Vogt
|
|
Batting: RHB Takanibu Kaneshiro
|
0-0: Called Strike 0-1: Called Strike 0-2: Ball 1-2: Ball 2-2: Ball 3-2: Foul Ball, location: 2F 3-2: Base on Balls
|
Batting: LHB Dan Martinez
|
0-0: Ball 1-0: Ball 2-0: Called Strike 2-1: Ball 3-1: Foul Ball, location: 2F 3-2: Foul Ball, location: 2F 3-2: Foul Ball, location: 2F 3-2: Foul Ball, location: 2F 3-2: Base on Balls Takanibu Kaneshiro to second
|
Batting: RHB Luis Reyes
|
0-0: Swinging Strike 0-1: Ball 1-1: Foul Ball, location: 2F 1-2: Ball 2-2: Ball 3-2: Ground out 5-3 (Groundball, 5L, EV 84.4 MPH) Takanibu Kaneshiro to third Dan Martinez to second
|
Pitching: LHP Shi-fu Zhou
|
|
Batting: RHB Darren McCarty Jr.
|
0-0: Ball 1-0: Ball 2-0: Ball 3-0: Called Strike 3-1: Swinging Strike 3-2: 3-RUN HOME RUN (Flyball, 7LD, EV 93.8 MPH), Distance : 349 ft
|
Bottom of the 11th over - 3 runs, 1 hit, 0 errors, 0 left on base; Clinton 5 - Lansing 7 |
|
Game Over ... Lansing defeats Clinton, 7 to 5
|
|
|